 Dungeon Crawl Stone Soup version 0.23.2-40-g277498a001 (webtiles) character file.

Game seed: 10102251934147106694

185 Hylith the Ruffian (level 5, 0/44 HPs)
             Began as a Draconian Transmuter on Aug 15, 2019.
             Killed by nerve-wracking pain
             ... invoked by an orc priest
              (5 damage)
             ... on level 3 of the Dungeon.
             The game lasted 00:06:11 (3182 turns).

Hylith the Ruffian (Draconian Transmuter)           Turns: 3182, Time: 00:06:12

Health: 0/44       AC:  5    Str: 13    XL:     5   Next: 37%
Magic:  9/9        EV: 12    Int: 14    God:
Gold:   225        SH:  0    Dex: 11    Spells: 2/10 levels left

rFire    + . .     SeeInvis .     - Unarmed
rCold    . . .     Gourm    .   (no shield)
rNeg     . . .     Faith    .   (armour unavailable)
rPois    .         Spirit   .   (helmet restricted)
rElec    .         Reflect  .   (no cloak)
rCorr    .         Harm     .   (no gloves)
MR       .....                  (no boots)
Stlth    ++........             (no amulet)
HPRegen  0.14/turn              f - ring of stealth
MPRegen  0.11/turn              n - ring of protection from fire

@: about to teleport, hasted, very quick
A: unfitting armour, cold-blooded, AC +5
a: no special abilities


You were on level 3 of the Dungeon.
You were hungry.

You visited 1 branch of the dungeon, and saw 4 of its levels.

You collected 225 gold pieces.

Inventory:

Hand Weapons
 l - a +5 club
Missiles
 a - 101 arrows
Jewellery
 f - a ring of stealth (left hand)
 n - a ring of protection from fire (right hand)
Scrolls
 e - 2 scrolls of identify
 h - 6 scrolls of random uselessness
 i - a scroll of fog {unknown}
 j - a scroll of amnesia {unknown}
 m - 2 scrolls of enchant weapon
 q - 2 scrolls of remove curse
Potions
 b - a potion of might {unknown}
 d - a potion of lignification {unknown}
 k - a potion of curing {unknown}
 o - a potion of haste
 p - a potion of brilliance {unknown}
Comestibles
 c - 11 rations


   Skills:
 + Level 2.9 Fighting
 - Level 2.0 Dodging
 + Level 3.9 Unarmed Combat
 + Level 3.1 Spellcasting
 + Level 3.2 Transmutations


You had 2 spell levels left.
You knew the following spells:

 Your Spells              Type           Power        Failure   Level  Hunger
a - Beastly Appendage     Tmut           ##....       6%          1    #......
b - Blink                 Tloc           N/A          32%         2    ##.....
c - Mephitic Cloud        Conj/Pois/Air  #.......     54%         3    ###....
s - Sticks to Snakes      Tmut           ##......     9%          2    ##.....

Your spell library contained the following spells:

 Spells                   Type           Power        Failure   Level  Hunger
 Magic Dart               Conj           #...         22%         1    #......
 Call Imp                 Summ           #.......     32%         2    ##.....
 Slow                     Hex            #.......     32%         2    ##.....
 Spider Form              Tmut/Pois      #.........   32%         3    ###....
 Conjure Flame            Conj/Fire      #.......     54%         3    ###....
 Ice Form                 Ice/Tmut       #.......     73%         4    #####..
 Blade Hands              Tmut           ##........   85%         5    ######.


Dungeon Overview and Level Annotations

Branches:
Dungeon (4/15)
 Temple: D:4-7

Altars:
Elyvilon
Kikubaaqudgha
Xom


Innate Abilities, Weirdness & Mutations

Your plain brown scales are hard. (AC +5)
You cannot fit into any form of body armour.
You are cold-blooded and may be slowed by cold attacks.


Message History

* * * LOW HITPOINT WARNING * * *
The orc hits you but does no damage.
As you read the scroll labeled NIC FI TOGREPN, it crumbles to dust.
The creatures around you are filled with an inner flame!
It was a scroll of immolation.
The orc priest hits you with a +0 mace.
* * * LOW HITPOINT WARNING * * *
As you read the scroll labeled BOZXUE JIRGHOS, it crumbles to dust.
You feel strangely unstable.
It was a scroll of teleportation.
The orc misses you.
The orc priest calls down the wrath of Beogh upon you.
Pain shoots through your body!
* * * LOW HITPOINT WARNING * * *
The orc priest hits you but does no damage.
It was a potion of haste.
You feel yourself speed up.
Your talons disappear.
The orc hits you but does no damage.
The orc priest hits you but does no damage.
The orc priest calls down the wrath of Beogh upon you.
Pain shoots through your body!
You die...

### #.#####.........###.......#.
#.# #.......#######.....#####.##
#.# #...........#.......# #.# ..#
#...###.....#####.#.#####.# ###
#...#.......# #.#.......#
#...#.).)...### #.#######.#
#......_......# #.# #...#
###.......#oo.# #.# #.#.#
#.......#@o.###.# ##.#.#
#.....###.....#.####....##
########..........##.####........
.......#####........## ###....##
######## #.......### ##.#.##
#..###.## ##.... #..###.## #####
#..##...# # #.....#.# #


You could see 2 orc priests and an orc (inner flame).

Vanquished Creatures
  An orc priest (D:2)
  Jessica (D:2)
  4 adders
  An ooze (D:2)
  2 dart slugs (D:1)
  3 worms
  3 orcs
  8 bats
  2 giant cockroaches
  8 goblins
  4 hobgoblins
  2 jackals (D:2)
  A quokka (D:2)
  5 frilled lizards
  6 kobolds
  5 rats
56 creatures vanquished.

Vanquished Creatures (others)
  An orc wizard (D:3)
1 creature vanquished.

Grand Total: 57 creatures vanquished

Notes
Turn   | Place    | Note
-------+----------+-------------------------------------------
     0 | D:1      | Hylith the Draconian Transmuter began the quest for the
                  | Orb.
     0 | D:1      | Reached XP level 1. HP: 16/16 MP: 3/3
    76 | D:1      | Reached XP level 2. HP: 19/23 MP: 5/5
   859 | D:2      | Reached XP level 3. HP: 18/29 MP: 6/6
  1757 | D:2      | Found an ancient bone altar of Kikubaaqudgha.
  1758 | D:2      | Found a white marble altar of Elyvilon.
  1952 | D:2      | Noticed Jessica
  1958 | D:2      | Killed Jessica
  1958 | D:2      | Reached XP level 4. HP: 37/37 MP: 5/8
  2328 | D:3      | Found a shimmering altar of Xom.
  2483 | D:3      | Learned a level 2 spell: Blink
  2486 | D:3      | Learned a level 2 spell: Sticks to Snakes
  2490 | D:3      | Learned a level 3 spell: Mephitic Cloud
  2760 | D:3      | Reached XP level 5. HP: 25/42 MP: 7/9
  3182 | D:3      | Killed from afar by an orc priest

Skill      XL: |  1  2  3  4 |
---------------+-------------+-----
Dodging        | 2 |  2.0
Fighting       | 2 |  2.9
Transmutations | 3 |  3.2
Spellcasting   | 3 |  3.1
Unarmed Combat | |  3.9

Action                   |  1- 3 |  4- 6 || total
-------------------------+-------+-------++-------
Melee: Unarmed           |   167 |    87 ||   254
       Tailslap          |    16 |    10 ||    26
       Headbutt          |     1 |     1 ||     2
       Punch             |     1 |     1 ||     2
       Kick              |     2 |     2 ||     4
 Cast: Beastly Appendage |     5 |     4 ||     9
  Use: Scroll            |       |     5 ||     5
       Potion            |       |     1 ||     1
 Stab: Sleeping          |     5 |     1 ||     6
  Eat: Chunk             |     4 |     3 ||     7
Armor: Skin              |    50 |    26 ||    76
Dodge: Dodged            |   100 |    48 ||   148
